 Dungeon Crawl Stone Soup version 0.22-a0-284-g99d1f74 (webtiles) character file.

684493 grindst0ne the Slayer (level 27, -14/242 HPs)
             Began as a Demonspawn Chaos Knight on Mar 20, 2018.
             Demolished by an Orb Guardian (28 damage)
             ... on level 5 of the Realm of Zot.
             The game lasted 05:32:14 (70975 turns).

grindst0ne the Slayer (Demonspawn Chaos Knight)    Turns: 70975, Time: 05:32:15

Health: -14/242    AC: 30    Str: 24    XL:     27
Magic:  39/39      EV: 28    Int: 22    God:    Xom [......]
Gold:   5542       SH: 10    Dex: 20    Spells: 4/44 levels left

rFire    + + +     SeeInvis .   I - +9 broad axe (drain)
rCold    + . .     Gourm    .   m - +2 buckler {reflect}
rNeg     + . .     Faith    .   O - +0 fire dragon scales
rPois    .         Spirit   .   (helmet unavailable)
rElec    +         Reflect  +   b - +2 cloak
rCorr    +         Harm     .   h - +1 pair of gloves
MR       +++++     Clarity  +   Y - +2 pair of boots {run}
Stlth    +.........             C - amulet of Loixa {rN+ MR+ Regen+ Str+4}
HPRegen  1.30/turn              M - ring "Ceucipn" {rCorr rC+ Slay+3}
MPRegen  0.26/turn              l - ring of Ystoraj {rElec rF+}

@: mighty, agile, about to teleport, very slightly contaminated, invisible,
quick
A: claws 1, horns 3, talons 1, iridescent scales 3, blink, clarity, cold
resistance 1, high mp 1, magic resistance 2, passive freeze, powered by pain 3,
regeneration 1, spiny 3, no potion heal 1, freezing cloud immunity
}: 3/15 runes: barnacled, silver, gossamer
a: Blink, Renounce Religion


You were on level 5 of the Realm of Zot.
You worshipped Xom.
You were a very special plaything of Xom.
You were hungry.

You visited 10 branches of the dungeon, and saw 52 of its levels.
You also visited: Volcano.

You collected 11096 gold pieces.
You spent 5554 gold pieces at shops.

Inventory:

Hand Weapons
 I - a +9 broad axe of draining (weapon)
Missiles
 e - 19 silver javelins (quivered)
Armour
 b - a +2 cloak (worn)
 h - a +1 pair of gloves (worn)
 m - a +2 buckler of reflection (worn)
 n - the +7 scale mail of Jigsaw {rElec}
   (You bought it in a shop on level 2 of the Orcish Mines)

   It insulates you from electricity.
 O - +0 fire dragon scales (worn)
 Y - a +2 pair of boots of running (worn)
Jewellery
 d - an uncursed ring of wizardry
 l - the ring of Ystoraj (right hand) {rElec rF+}
   (You bought it in a shop on level 5 of the Vaults)

   [ring of protection from fire]

   It protects you from fire.
   It insulates you from electricity.
 p - the ring of Butchery {rPois rF+ Str+2 Stlth+}
   (You found it on level 3 of the Elven Halls)

   [ring of stealth]

   It affects your strength (+2).
   It protects you from fire.
   It protects you from poison.
   It makes you more stealthy.
 q - a cursed amulet of inaccuracy {unknown}
 C - the amulet of Loixa (around neck) {rN+ MR+ Regen+ Str+4}
   (You took it off a deep elf elementalist on level 3 of the Elven Halls)

   [amulet of regeneration]

   It affects your strength (+4).
   It protects you from negative energy.
   It affects your resistance to hostile enchantments.
   It increases your rate of regeneration.
 K - an uncursed ring of protection from magic
 M - the ring "Ceucipn" (left hand) {rCorr rC+ Slay+3}
   (You bought it in a shop on level 2 of the Orcish Mines)

   [ring of resist corrosion]

   It affects your accuracy and damage with ranged weapons and melee attacks
   (+3).
   It protects you from cold.
 S - an uncursed ring of positive energy
Wands
 u - a wand of scattershot (2)
 x - a wand of disintegration (28)
 y - a wand of acid (40)
 F - a wand of flame (17)
 H - a wand of paralysis (49)
 N - a wand of digging (22)
 X - a wand of iceblast (14)
Scrolls
 g - 3 scrolls of silence
 i - 13 scrolls of magic mapping
 k - 14 scrolls of teleportation
 o - 26 scrolls of remove curse
 s - 7 scrolls of blinking
 t - 4 scrolls of fear
 v - 10 scrolls of enchant armour
 B - 2 scrolls of brand weapon
 L - 7 scrolls of fog
 U - 6 scrolls of amnesia
Potions
 a - 3 potions of ambrosia
 f - a potion of invisibility
 j - 4 potions of flight
 w - 7 potions of berserk rage
 z - 2 potions of cancellation
 A - 2 potions of magic
 E - 7 potions of might
 G - 11 potions of brilliance
 J - 3 potions of mutation
 T - 14 potions of curing
 W - a potion of agility
 Z - 7 potions of haste
Miscellaneous
 D - a lightning rod (4/4)
 P - a phial of floods (inert)
 Q - a box of beasts
 R - a lamp of fire
Comestibles
 c - 90 rations


   Skills:
 - Level 25.0 Fighting
 + Level 18.2 Axes
 - Level 17.1 Armour
 - Level 17.1 Dodging
 + Level 12.1 Shields
 - Level 9.2 Spellcasting
   Level 4.1 Hexes
 - Level 23.0 Translocations
 - Level 6.1 Evocations


You had 4 spell levels left.
You knew the following spells:

 Your Spells              Type           Power        Failure   Level  Hunger
a - Controlled Blink      Tloc           N/A          7%          8    #######
b - Passage of Golubria   Tloc           N/A          0%          4    ##.....
c - Deflect Missiles      Chrm/Air       ##........   100%        6    ######.
d - Apportation           Tloc           ######       0%          1    None
e - Lesser Beckoning      Tloc           #######...   0%          3    None
f - Statue Form           Tmut/Erth      ##.......    100%        6    ######.
g - Ozocubu's Armour      Chrm/Ice       ##......     38%         3    None
h - Regeneration          Chrm/Necr      ##........   38%         3    None
i - Death Channel         Necr           ##........   100%        6    ######.


Dungeon Overview and Level Annotations

Branches:
Dungeon (15/15)            Temple (0/1) D:6            Lair (6/6) D:11
 Shoals (4/4) Lair:3       Spider (4/4) Lair:3        Slime (0/5) Lair:5
    Orc (2/2) D:10            Elf (3/3) Orc:2        Vaults (5/5) D:13
  Crypt (3/3) Vaults:3       Tomb (0/3) Crypt:3      Depths (5/5) D:15
    Zot (5/5) Depths:5

Altars:
Elyvilon
Hepliaklqana
Makhleb
Okawaru
Qazlal
Trog
Xom
Yredelemnul
Beogh
Lugonu

Shops:
D:14 !   D:15 =   Orc:2 (=[*   Elf:1 [   Elf:2 ([(   Shoals:4 :
Vaults:5 (%==%?   Depths:2 *

Portals:
Hell: Depths:1 Depths:2 Depths:3 Depths:4 Depths:5
Abyss: Depths:3 Depths:4
Pandemonium: Depths:2 Depths:3
Ziggurat: Depths:4
Trove: Vaults:3 (give 2 scrolls of acquirement)

Annotations:
Lair:4 exclusion: downstairs
Lair:5 exclusion: 2 oklob plants
Elf:2 Donald
Zot:3 exclusion: downstairs


Innate Abilities, Weirdness & Mutations

You have a pair of large horns on your head.
You are completely covered in iridescent scales. (AC +6)
Your flesh is cold resistant. (rC+)
A frigid envelope surrounds you and freezes all who hurt you.
You are powered by pain.
You are completely covered in sharp spines.
You are immune to freezing clouds.
You have sharp fingernails.
You have sharp toenails.
You can translocate small distances at will.
You possess an exceptional clarity of mind.
You have an increased reservoir of magic. (+10% MP)
You are highly resistant to hostile enchantments. (MR++)
Your natural rate of healing is unusually fast.
Potions are less effective at restoring your health.


Message History

Really walk into that permanent teleport trap?
You enter a permanent teleport trap!
Your surroundings suddenly seem different. 2 Orb Guardians come into view.
You are feeling hungry.
The orb of fire glows bright magenta.
The bolt of fire hits you! You resist.
* * * LOW HITPOINT WARNING * * *
You block the Orb Guardian's attack.
The orb of fire emits a lurid red light.
The bolt of fire hits you! You resist.
* * * LOW HITPOINT WARNING * * *
As you read the scroll of teleportation, it crumbles to dust.
You feel strangely unstable.
You feel the Orb delaying your translocation!
The Orb Guardian is no longer berserk.
The Orb Guardian is struck by your spines.
The Orb Guardian hits you!!
You die...
Xom giggles madly!

##..≈d≈≈§ ..........# ▓▓▓▓▓▓▓▓▓
#....≈≈≈§
.q........▓▓▓.......▓▓▓.....L§§
.q.q......▓▓.........▓▓...[X§p§
...q.....*▓...........▓.^d..Ld§
.d............s.0..............
.....q....▓..X...^*.X.▓........
..q^.q*.sX▓▓..XX.....▓▓........
.....X{XdD▓ ▓.@.....▓ ▓........
....dq*.X*▓ ▓▓▓▓▓▓▓▓▓ ▓........
....dyq*.▓▓ ▓▓.......
...d.dd▓▓▓ ▓▓▓..... ....▓▓▓
▓▓▓▓.. ▓▓▓▓ ▓▓▓


You could see 2 orbs of fire, an emperor scorpion (wandering) and 4 Orb
Guardians.

Vanquished Creatures
  2 ancient liches
  Mara (Crypt:3)
  3 juggernauts
  A greater mummy (Crypt:3)
  Margery (Depths:3)
  Frederick (Crypt:2)
  2 caustic shrikes
  Bai Suzhen (Vaults:5)
  2 profane servitors (Crypt:3)
  A curse toe (Zot:2)
  5 golden dragons
  Jory (Depths:3)
  2 bone dragons
  4 electric golems
  16 tentacled monstrosities
  11 Orb Guardians (Zot:5)
  Asterion (Vaults:1)
  10 quicksilver dragons
  9 titans
  3 liches
  3 deep elf blademasters (Elf:3)
  3 deep elf master archers
  10 death cobs
  6 sphinxes
  2 ancient champions
  13 shadow dragons
  31 storm dragons
  8 tengu reavers
  6 draconian monks
  Ilsuiw (Shoals:4)
  2 nagarajas (Vaults:3)
  11 fire giants
  5 draconian knights
  2 revenants
  4 draconian scorchers
  An iron dragon (Vaults:5)
  15 frost giants
  21 vault wardens
  8 deep elf sorcerers
  An orc warlord (Orc:2)
  5 draconian shifters
  4 ghost moths
  2 caustic shrike zombies
  2 curse skulls (Crypt:3)
  8 emperor scorpions
  A juggernaut zombie (Depths:4)
  18 ghouls
  5 draconian stormcallers
  5 draconian annihilators
  8 spriggan defenders
  7 entropy weavers
  11 deep elf elementalists
  A reaper (Depths:3)
  A war gargoyle (Vaults:5)
  A caustic shrike skeleton (Depths:4)
  22 stone giants
  30 very ugly things
  14 ironheart preservers
  5 deep elf demonologists (Elf:3)
  9 white draconians
  5 vampire knights
  17 green draconians
  4 spark wasps
  8 deep elf annihilators
  7 black draconians
  Azrael (Elf:1)
  6 yellow draconians
  12 purple draconians
  9 eidola
  13 red draconians
  4 merfolk javelineers
  13 deep elf death magi
  14 jiangshi
  16 ettins
  9 merfolk impalers
  18 fire dragons
  17 yaktaur captains
  15 ogre magi
  9 deep elf high priests
  10 ice dragons
  37 vault guards
  9 great orbs of eyes
  6 rakshasas
  5 spriggan air magi
  2 merfolk avatars
  A monstrous demonspawn (Depths:3)
  2 alligator snapping turtles (Shoals:4)
  4 satyrs
  11 hydras
  An anaconda (Shoals:4)
  10 centaur warriors
  A two-headed ogre (shapeshifter) (Depths:4)
  18 dancing weapons
  A queen ant (Zot:4)
  9 merfolk aquamancers
  42 two-headed ogres
  5 deep troll earth magi
  11 deep troll shamans
  5 tengu warriors
  6 death knights
  Urug (D:12)
  9 death yaks
  A titan zombie (Crypt:2)
  2 orc high priests (Orc:2)
  9 vampire magi
  A shock serpent (shapeshifter) (Depths:5)
  9 spriggan berserkers
  A fire crab (Vaults:4)
  11 hell knights
  A storm dragon zombie (Crypt:3)
  A soul eater (Vaults:3)
  5 iron trolls
  30 deep elf knights
  A storm dragon skeleton (Vaults:5)
  37 deep trolls
  A shadow wraith (Vaults:4)
  2 golden dragon zombies
  3 spark wasp zombies
  7 glowing orange brains
  5 flayed ghosts
  11 wizards
  26 skeletal warriors
  A glowing orange brain (shapeshifter) (Depths:1)
  2 tengu zombies
  6 sea snakes
  9 orc knights
  5 unseen horrors
  A swamp dragon (Lair:6)
  2 anaconda zombies
  Pikel (D:9)
  A shambling mangrove (Lair:1)
  15 deep elf archers
  22 ironbrand convokers
  A harpy (shapeshifter) (Vaults:2)
  26 phantasmal warriors
  A lindwurm (shapeshifter) (Vaults:4)
  14 necromancers
  An oklob plant (Lair:1)
  32 harpies
  2 sphinx zombies (Crypt:2)
  18 wolf spiders
  63 deep elf magi
  14 orb spiders
  2 stone giant zombies (Crypt:3)
  A fire giant zombie (D:15)
  2 wolf spiders (shapeshifter)
  A shining eye (shapeshifter) (Vaults:3)
  7 cyclopes
  9 fauns
  44 ugly things
  2 frost giant zombies
  5 toenail golems (Volcano)
  A manticore (shapeshifter) (Zot:1)
  18 manticores
  8 orc sorcerers
  A sphinx skeleton (Crypt:1)
  A cyclops (shapeshifter) (Vaults:3)
  An elephant (shapeshifter) (Vaults:5)
  10 black mambas
  26 moths of wrath
  7 water nymphs
  A stone giant skeleton (Vaults:5)
  A guardian serpent (shapeshifter) (Vaults:2)
  A water nymph (shapeshifter) (Depths:4)
  A guardian serpent (Lair:6)
  2 black mambas (shapeshifter)
  Maurice (D:10)
  An ice statue (Lair:6)
  5 merfolk sirens
  A dire elephant skeleton (Crypt:2)
  9 vault sentinels
  A torpor snail (Vaults:4)
  5 elf zombies
  A gargoyle (D:14)
  6 rime drakes
  An orange demon (Depths:3)
  A moth of wrath (shapeshifter) (Depths:3)
  7 komodo dragons
  12 spiny frogs
  9 demonic crawlers
  A spriggan skeleton (Depths:2)
  An efreet (D:15)
  A kobold demonologist (D:15)
  A yaktaur zombie (Depths:1)
  2 yaktaurs (shapeshifter)
  2 hellions (Crypt:1)
  50 yaktaurs
  A golden dragon simulacrum (Depths:2)
  18 freezing wraiths
  3 komodo dragons (shapeshifter)
  A hellwing (Depths:3)
  2 guardian mummies
  A queen bee (shapeshifter) (D:15)
  A red devil (Crypt:1)
  42 jumping spiders
  18 merfolk
  A troll (shapeshifter) (Elf:1)
  5 tengu conjurers
  A meliai (shapeshifter) (Vaults:1)
  A hornet (shapeshifter) (Vaults:2)
  A hydra zombie (Crypt:3)
  A meliai (Shoals:1)
  2 polar bears (Lair:6)
  A harpy skeleton (D:12)
  10 trolls
  2 small abominations (Elf:3)
  9 blink frogs
  A blink frog (shapeshifter) (D:15)
  6 wind drakes
  A raiju (shapeshifter) (Vaults:4)
  A bog body (Crypt:2)
  4 snapping turtles
  26 slime creatures
  19 hornets
  2 ettin zombies (Crypt:3)
  2 alligator zombies
  9 flying skulls
  An ice dragon zombie (Crypt:3)
  A frost giant simulacrum (Vaults:2)
  6 hippogriffs
  2 shadows
  2 fire dragon zombies (Crypt:3)
  4 air elementals
  4 large abominations (Elf:1)
  2 stone giant simulacra
  2 tarantellas (shapeshifter)
  4 spriggans
  72 redbacks
  Sigmund (D:5)
  An ushabti (Crypt:3)
  26 tarantellas
  48 yaks
  A vampire (D:15)
  A wyvern (shapeshifter) (Orc:2)
  26 water elementals
  14 wraiths
  6 fire elementals
  3 basilisks (shapeshifter)
  4 basilisks
  Grum (D:9)
  2 steam dragons
  15 wyverns
  2 humans (shapeshifter)
  The ghost of galech the Covered, an amateur HuFi (D:3)
  A golden eye (shapeshifter) (Vaults:2)
  A wind drake skeleton (Crypt:1)
  A chaos spawn (Depths:3)
  11 wargs
  6 spatial vortices
  A swamp worm (Depths:1)
  A swamp worm (shapeshifter) (Depths:4)
  2 soldier ants
  An acid dragon (Lair:6)
  A naga (D:9)
  A human zombie (D:15)
  17 water moccasins
  2 hell hounds (Elf:1)
  A hydra simulacrum (Crypt:2)
  A floating eye (Vaults:3)
  A human skeleton (Depths:1)
  11 porcupines
  12 ice beasts
  38 orc warriors
  3 swamp drakes
  A blink frog zombie (Crypt:2)
  An eye of draining (shapeshifter) (Vaults:5)
  3 manticore zombies
  6 phantoms
  A slave (D:9)
  A black bear (Spider:2)
  A fire dragon simulacrum (Depths:1)
  9 wolves
  17 necrophages
  4 sky beasts
  A hog zombie (Crypt:1)
  16 boggarts
  28 centaurs
  48 ogres
  7 big kobolds
  A dream sheep skeleton (Crypt:2)
  16 crocodiles
  A crocodile (shapeshifter) (Vaults:1)
  Blork the orc (D:5)
  5 earth elementals
  4 gnoll sergeants
  18 bullfrogs
  A salamander skeleton (Crypt:1)
  13 wyvern skeletons
  4 scorpions
  2 human simulacra
  14 killer bees
  15 wights
  An electric eel (Spider:4)
  4 howler monkeys
  A centaur zombie (D:6)
  11 crimson imps
  A quasit (D:10)
  A basilisk zombie (Crypt:2)
  5 hounds
  2 jellies (D:8)
  27 orc priests
  2 bullfrog skeletons (D:5)
  8 iron imps (Crypt:1)
  22 orc wizards
  7 centaur skeletons
  5 iguanas
  7 worker ants
  A big kobold zombie (Crypt:1)
  An acid dragon zombie (Crypt:2)
  A mummy (Crypt:3)
  2 worker ant zombies
  17 gnolls
  10 adders
  6 shadow imps
  A white imp (Lair:6)
  An ooze (D:3)
  2 adder zombies
  An adder skeleton (D:8)
  2 worms (D:5)
  A dart slug (D:3)
  5 leopard geckos
  99 orcs
  2 ball pythons
  9 giant cockroaches
  6 hobgoblins
  10 jackals
  3 quokkas (D:10)
  A ball python skeleton (Crypt:1)
  7 bats
  3 frilled lizards
  8 goblins
  A jackal zombie (D:5)
  24 kobolds
  2 leopard gecko zombies
  A quokka zombie (D:9)
  6 rats
  A rat (shapeshifter) (D:2)
  3 fire vortices
  A fungus (Lair:4)
  10 plants
  6 withered plants
2617 creatures vanquished.

Vanquished Creatures (collateral kills)
  An ancient lich (Zot:5)
  A shadow dragon (Zot:3)
  2 storm dragons
  A deep elf elementalist (Elf:3)
  A very ugly thing (Depths:4)
  A yellow draconian (Zot:3)
  A great orb of eyes (Depths:5)
  A rakshasa (Depths:4)
  A yaktaur captain (Vaults:3)
  An ogre mage (Vaults:4)
  A deep troll earth mage (Depths:4)
  A two-headed ogre (Vaults:4)
  3 hell knights
  2 deep trolls (Depths:5)
  An orc knight (Orc:2)
  A necromancer (Depths:3)
  A moth of wrath (Spider:4)
  A troll (Orc:2)
  A slime creature (Depths:4)
  A wraith (D:10)
  A spriggan (Depths:3)
  A yak (D:10)
  A hungry ghost (D:10)
  A water moccasin (Lair:6)
  An orc warrior (Orc:2)
  An ogre (Vaults:4)
  A centaur (Depths:2)
  A bullfrog (D:6)
  A gnoll sergeant (D:6)
  2 wights (D:6)
  An orc wizard (Orc:2)
  3 adders (D:3)
  A leopard gecko (D:3)
  2 bats (D:3)
  2 giant cockroaches (D:3)
  A goblin (D:1)
  A hobgoblin (D:3)
  A quokka (D:3)
  A frilled lizard (D:3)
  A rat (D:1)
  2 fungi
51 creatures vanquished.

Vanquished Creatures (others)
  A deep elf master archer (Elf:3)
  A draconian knight (Zot:4)
  A merfolk javelineer (Shoals:4)
  A centaur warrior (D:11)
  3 merfolk aquamancers
  2 vampire magi
  6 dancing weapons
  An unseen horror (D:15)
  A harpy (Shoals:4)
  A merfolk siren (Shoals:4)
  2 water elementals (Depths:1)
  2 slaves (D:9)
  A centaur (D:15)
  2 boggarts
  A wight (D:9)
  A bullfrog skeleton (D:11)
  3 orc wizards
  A worker ant zombie (D:11)
  An orc (D:5)
  30 fungi
  59 plants
  3 withered plants (Crypt:3)
124 creatures vanquished.

Grand Total: 2792 creatures vanquished

Notes
Turn   | Place    | Note
-------+----------+-------------------------------------------
     0 | D:1      | grindst0ne the Demonspawn Chaos Knight began the quest for the Orb.
     0 | D:1      | Reached XP level 1. HP: 18/18 MP: 1/1
    63 | D:1      | XOM: harmless Chrm miscast
   169 | D:1      | Gained mutation: You have a pair of small horns on your head. [demonic ancestry]
   169 | D:1      | Reached XP level 2. HP: 12/24 MP: 2/2
   217 | D:1      | XOM: give mutations
   217 | D:1      | Gained mutation: You are frail. (-10% HP) [Xom's mischief]
   217 | D:1      | Gained mutation: You occasionally shout uncontrollably at your foes. [Xom's mischief]
   217 | D:1      | Gained mutation: You are clumsy. (Dex -2) [Xom's mischief]
   217 | D:1      | Gained mutation: You are very frail. (-20% HP) [Xom's mischief]
   568 | D:1      | XOM: divination: detect creatures
   773 | D:2      | XOM: harmless Erth miscast
   803 | D:2      | Reached skill level 4 in Fighting
   808 | D:2      | Gained mutation: You sometimes gain a little power by taking damage. [demonic ancestry]
   808 | D:2      | Reached XP level 3. HP: 19/24 MP: 3/3
  1134 | D:2      | Noticed a sky beast
  1139 | D:2      | XOM: divine lightning
  1143 | D:2      | Killed a sky beast
  1143 | D:2      | Reached skill level 5 in Fighting
  1143 | D:2      | Gained mutation: You have a pair of horns on your head. [demonic ancestry]
  1143 | D:2      | Reached XP level 4. HP: 20/31 MP: 3/5
  1236 | D:3      | XOM: summons 4 friendly demons
  1238 | D:3      | Gained mutation: You have a pair of large horns on your head. [demonic ancestry]
  1238 | D:3      | Reached XP level 5. HP: 27/35 MP: 6/6
  1579 | D:3      | Noticed galech's ghost (amateur HuFi)
  1585 | D:3      | XOM: butterfly on damage
  1588 | D:3      | Killed galech's ghost
  1588 | D:3      | Gained mutation: You are partially covered in sharp spines. [demonic ancestry]
  1588 | D:3      | Reached XP level 6. HP: 29/41 MP: 8/8
  1717 | D:3      | XOM: give mutations
  1717 | D:3      | Gained mutation: You are somewhat resistant to further mutation. [Xom's grace]
  1717 | D:3      | Gained mutation: You have sharp toenails. [Xom's grace]
  1717 | D:3      | Gained mutation: You are somewhat resistant to both further mutation and mutation removal. [Xom's grace]
  1717 | D:3      | Lost mutation: You are very frail. (-20% HP) [Xom's grace]
  1802 | D:3      | Found an iron altar of Okawaru.
  1897 | D:3      | XOM: scenery: create altars
  2011 | D:4      | XOM: god gift: twisted jade ring {god gift}
  2028 | D:4      | XOM: scenery: create altars
  2031 | D:4      | Reached skill level 6 in Fighting
  2159 | D:4      | XOM: scenery: create altars
  2175 | D:4      | Gained mutation: You are mostly covered in sharp spines. [demonic ancestry]
  2175 | D:4      | Reached XP level 7. HP: 53/53 MP: 10/10
  2347 | D:4      | XOM: give mutation
  2347 | D:4      | Gained mutation: You are covered in fur. (AC +1) [Xom's grace]
  2500 | D:5      | Entered Level 5 of the Dungeon
  2502 | D:5      | XOM: divination: detect items
  2514 | D:5      | Noticed Sigmund
  2528 | D:5      | Killed Sigmund
  2528 | D:5      | Reached skill level 7 in Fighting
  2528 | D:5      | Reached skill level 5 in Evocations
  2552 | D:5      | XOM: divine lightning
  2575 | D:5      | XOM: cast spell 'Summon Butterflies'
  2617 | D:5      | XOM: 3-stop teleportation journey
  2667 | D:5      | XOM: give mutations
  2667 | D:5      | Lost mutation: You are frail. (-10% HP) [Xom's grace]
  2667 | D:5      | Gained mutation: Your flesh is heat resistant. (rF+) [Xom's grace]
  2667 | D:5      | Gained mutation: You passively map a small area around you. [Xom's grace]
  2667 | D:5      | Gained mutation: Your muscles are strong. (Str +2) [Xom's grace]
  2881 | D:5      | Gained mutation: You are partially covered in iridescent scales. (AC +2) [demonic ancestry]
  2881 | D:5      | Reached XP level 8. HP: 67/67 MP: 12/12
  2895 | D:5      | Noticed Blork the orc
  2903 | D:5      | Killed Blork the orc
  2972 | D:5      | XOM: confuse monster(s)
  2993 | D:5      | XOM: give mutations
  2993 | D:5      | Gained mutation: You passively map the area around you. [Xom's grace]
  2993 | D:5      | Gained mutation: Your muscles are very strong. (Str +4) [Xom's grace]
  3024 | D:5      | Reached skill level 8 in Fighting
  3082 | D:5      | XOM: 2-stop teleportation journey
  3109 | D:5      | XOM: scenery: create altars
  3133 | D:5      | XOM: scenery: create altars
  3239 | D:5      | XOM: god gift: 29 gold pieces
  3344 | D:5      | Found a shimmering altar of Xom.
  3345 | D:5      | Found a burning altar of Makhleb.
  3472 | D:5      | Found a burning altar of Makhleb.
  3609 | D:6      | XOM: god gift: scroll of noise
  3611 | D:6      | XOM: enchant monster (good)
  3616 | D:6      | XOM: divination: detect items
  3625 | D:6      | XOM: scenery: create altars
  3628 | D:6      | Reached skill level 9 in Fighting
  3638 | D:6      | XOM: summons friendly rust devil
  3909 | D:6      | XOM: enchant monster (good)
  3912 | D:6      | Reached skill level 10 in Fighting
  4016 | D:6      | Found a staircase to the Ecumenical Temple.
  4038 | D:6      | Gained mutation: You are completely covered in sharp spines. [demonic ancestry]
  4038 | D:6      | Reached XP level 9. HP: 42/78 MP: 9/13
  4042 | D:6      | XOM: give mutations
  4042 | D:6      | Gained mutation: You are resistant to hostile enchantments. (MR+) [Xom's grace]
  4042 | D:6      | Gained mutation: Your spells are a little harder to cast, but a little more powerful. [Xom's grace]
  4042 | D:6      | Gained mutation: You are resistant to electric shocks. (rElec) [Xom's grace]
  4336 | D:7      | Found a white marble altar of Elyvilon.
  4606 | D:7      | Found a bloodstained altar of Trog.
  4606 | D:7      | Found a hazy altar of Hepliaklqana.
  4846 | D:8      | Noticed a two-headed ogre
  4849 | D:8      | XOM: enchant monster (good)
  4852 | D:8      | Killed a two-headed ogre
  4852 | D:8      | Reached skill level 11 in Fighting
  4852 | D:8      | Reached skill level 5 in Axes
  4969 | D:8      | XOM: confuse monster(s)
  5058 | D:8      | Found a stormy altar of Qazlal.
  5344 | D:8      | XOM: divination: detect items
  5357 | D:8      | XOM: noise
  5626 | D:9      | XOM: potion effect (might)
  5627 | D:9      | Gained mutation: You are mostly covered in iridescent scales. (AC +4) [demonic ancestry]
  5627 | D:9      | Reached XP level 10. HP: 53/89 MP: 9/14
  5721 | D:9      | XOM: silly message
  5758 | D:9      | Noticed Pikel
  5766 | D:9      | Killed Pikel
  5766 | D:9      | Reached skill level 12 in Fighting
  5793 | D:9      | XOM: fog
  5868 | D:9      | XOM: give mutation
  5868 | D:9      | Lost mutation: Your spells are a little harder to cast, but a little more powerful. [Xom's mischief]
  5957 | D:9      | XOM: enchant monster (bad)
  6040 | D:9      | XOM: silly message
  6080 | D:9      | Learned a level 2 spell: Ensorcelled Hibernation
  6084 | D:9      | Learned a level 3 spell: Confuse
  6164 | D:9      | Reached skill level 1 in Dodging
  6247 | D:9      | Noticed Grum
  6254 | D:9      | XOM: fog
  6259 | D:9      | Killed Grum
  6700 | D:10     | Entered Level 10 of the Dungeon
  6717 | D:10     | XOM: cast spell 'Shadow Creatures'
  6719 | D:10     | XOM: confuse monster(s)
  6985 | D:10     | Killed an unseen horror
  6985 | D:10     | Reached XP level 11. HP: 51/95 MP: 7/15
  7061 | D:10     | Killed an unseen horror
  7101 | D:10     | XOM: blink monster(s)
  7133 | D:10     | Killed an unseen horror
  7161 | D:10     | Reached skill level 5 in Armour
  7236 | D:10     | XOM: destruction
  7292 | D:10     | Noticed Maurice
  7292 | D:10     | XOM: mild Summ miscast
  7299 | D:10     | Killed Maurice
  7353 | D:10     | XOM: harmless Necr miscast
  7378 | D:10     | XOM: cast spell 'Discord'
  7378 | D:10     | Reached skill level 5 in Dodging
  7380 | D:10     | XOM: mild Conj miscast
  7515 | D:10     | XOM: give mutations
  7515 | D:10     | Lost mutation: You occasionally shout uncontrollably at your foes. [Xom's mischief]
  7515 | D:10     | Lost mutation: You are resistant to hostile enchantments. (MR+) [Xom's mischief]
  7765 | D:10     | Found a staircase to the Orcish Mines.
  7766 | D:10     | XOM: medium Necr miscast
  8079 | D:11     | XOM: noise
  8087 | D:11     | XOM: 3-stop teleportation journey
  8104 | D:11     | XOM: 2-stop teleportation journey
  8118 | D:11     | XOM: summons friendly white imp
  8292 | D:11     | XOM: 4-stop teleportation journey
  8433 | D:11     | Noticed a four-headed hydra
  8439 | D:11     | XOM: noise
  8457 | D:11     | Killed a four-headed hydra
  8543 | D:11     | Reached XP level 12. HP: 80/102 MP: 16/16
  8675 | D:11     | Found a staircase to the Lair.
  8699 | D:11     | Killed a centaur warrior
  8835 | D:11     | Noticed a two-headed ogre
  8839 | D:11     | Killed a two-headed ogre
  9039 | Lair:1   | Entered Level 1 of the Lair of Beasts
  9180 | Lair:1   | XOM: polymorph oklob plant -> oklob plant
  9182 | Lair:1   | XOM: noise
  9184 | Lair:1   | XOM: harmless Tloc miscast
  9185 | Lair:1   | XOM: enchant monster (bad)
  9229 | Lair:1   | XOM: give mutations
  9229 | Lair:1   | Lost mutation: You have sharp toenails. [Xom's mischief]
  9229 | Lair:1   | Gained mutation: You occasionally shout uncontrollably at your foes. [Xom's mischief]
  9349 | Lair:1   | XOM: 4-stop teleportation journey
  9531 | Lair:1   | XOM: harmless Air miscast
  9695 | Lair:1   | XOM: harmless Air miscast
  9742 | Lair:1   | Reached skill level 10 in Axes
  9786 | Lair:1   | XOM: stat loss: -1 Str (15/16)
 10202 | Lair:1   | XOM: silly message
 10227 | Lair:1   | XOM: summons 3 hostile demons
 10386 | Lair:1   | XOM: give mutation
 10386 | Lair:1   | Lost mutation: Your muscles are very strong. (Str +4) [Xom's mischief]
 10427 | Lair:1   | XOM: noise
 10452 | Lair:1   | XOM: harmless Chrm miscast
 10454 | Lair:1   | XOM: polymorph oklob plant -> shambling mangrove
 10462 | Lair:1   | XOM: divination: magic mapping
 10517 | Lair:2   | Noticed a six-headed hydra
 10517 | Lair:2   | Noticed a seven-headed hydra
 10522 | Lair:2   | Killed a six-headed hydra
 10522 | Lair:2   | Killed a seven-headed hydra
 10868 | Lair:2   | Learned a level 6 spell: Deflect Missiles
 10890 | Lair:2   | Noticed a four-headed hydra
 10894 | Lair:2   | Killed a four-headed hydra
 10897 | Lair:2   | XOM: summons friendly shadow imp
 10899 | Lair:2   | XOM: summons 5 friendly demons
 11002 | Lair:2   | XOM: noise
 11122 | Lair:2   | XOM: scenery: 1 doors open, 1 doors close
 11163 | Lair:2   | You fall through a shaft for 2 floors!
 11163 | Lair:4   | XOM: noise
 11163 | Lair:4   | Noticed a death yak
 11163 | Lair:4   | Noticed a death yak
 11163 | Lair:4   | Noticed a death yak
 11177 | Lair:4   | Noticed a four-headed hydra
 11181 | Lair:4   | Killed a four-headed hydra
 11297 | Lair:4   | Noticed an eight-headed hydra
 11300 | Lair:4   | Killed an eight-headed hydra
 11351 | Lair:4   | XOM: god gift: wand of paralysis (10)
 11393 | Lair:4   | Noticed a five-headed hydra
 11402 | Lair:4   | Killed a five-headed hydra
 11497 | Lair:4   | XOM: harmless Necr miscast
 11628 | Lair:4   | XOM: summons 1 hostile shadow creature
 11825 | Lair:4   | XOM: give mutations
 11825 | Lair:4   | Gained mutation: Armour fits poorly on your strangely shaped body. [Xom's mischief]
 11825 | Lair:4   | Lost mutation: You occasionally shout uncontrollably at your foes. [Xom's mischief]
 11837 | Lair:4   | XOM: summons 2 hostile shadow creatures
 11838 | Lair:4   | Killed a death yak
 11925 | Lair:4   | Reached XP level 13. HP: 52/108 MP: 13/17
 12331 | Lair:4   | XOM: swap monsters
 12396 | Lair:4   | XOM: medium Erth miscast
 12822 | Lair:4   | Noticed an emperor scorpion
 12822 | Lair:4   | a death yak changed into an emperor scorpion
 12822 | Lair:4   | XOM: polymorph death yak -> emperor scorpion
 12951 | Lair:5   | XOM: 2-stop teleportation journey
 12952 | Lair:5   | XOM: blink monster(s)
 13138 | Lair:5   | XOM: harmless Fire miscast
 13145 | Lair:4   | XOM: blink monster(s)
 13771 | Lair:5   | Found a staircase to the Slime Pits.
 13904 | Lair:5   | XOM: medium Conj miscast
 14002 | Lair:5   | XOM: summons 3 friendly demons
 14039 | Lair:5   | XOM: harmless Tloc miscast
 14189 | Lair:5   | XOM: stat loss: -1 Int (17/18)
 14333 | Lair:5   | XOM: give mutations
 14333 | Lair:5   | Gained mutation: You are covered in thick fur. (AC +2) [Xom's mischief]
 14333 | Lair:5   | Lost mutation: Armour fits poorly on your strangely shaped body. [Xom's mischief]
 14333 | Lair:5   | Gained mutation: Armour fits poorly on your strangely shaped body. [Xom's mischief]
 14333 | Lair:5   | Lost mutation: You are somewhat resistant to both further mutation and mutation removal. [Xom's mischief]
 14366 | Lair:5   | XOM: give mutations
 14366 | Lair:5   | Gained mutation: You are robust. (+10% HP) [Xom's mischief]
 14366 | Lair:5   | Lost mutation: Your muscles are strong. (Str +2) [Xom's mischief]
 14366 | Lair:5   | Lost mutation: You are somewhat resistant to further mutation. [Xom's mischief]
 14388 | Lair:6   | Entered Level 6 of the Lair of Beasts
 14412 | Lair:6   | XOM: stat loss: -1 Str (11/12)
 14429 | Lair:6   | Reached skill level 10 in Armour
 14498 | Lair:6   | XOM: summons 6 hostile demons
 14837 | Lair:6   | Reached skill level 10 in Dodging
 14838 | Lair:6   | Found a dark tunnel.
 14848 | Volcano  | Entered a volcano
 15184 | Volcano  | XOM: stat loss: -1 Int (17/18)
 15367 | Volcano  | XOM: harmless Air miscast
 15504 | Lair:6   | XOM: medium Ice miscast
 15510 | Lair:6   | XOM: swap monsters
 15651 | Lair:5   | XOM: mild Hex miscast
 15680 | Lair:3   | XOM: confusion (+ monsters)
 15681 | Lair:3   | XOM: enchant monster (good)
 15764 | Lair:3   | Found a staircase to the Shoals.
 15956 | Lair:3   | XOM: give mutations
 15956 | Lair:3   | Lost mutation: Armour fits poorly on your strangely shaped body. [Xom's mischief]
 15956 | Lair:3   | Lost mutation: You are resistant to electric shocks. (rElec) [Xom's mischief]
 16040 | Lair:3   | Gained mutation: Your flesh is cold resistant. (rC+) [demonic ancestry]
 16040 | Lair:3   | Reached XP level 14. HP: 126/126 MP: 18/18
 16119 | Lair:3   | XOM: give mutations
 16119 | Lair:3   | Gained mutation: You are very robust. (+20% HP) [Xom's grace]
 16119 | Lair:3   | Gained mutation: You can translocate small distances at will. [Xom's grace]
 16119 | Lair:3   | Gained mutation: Your mind is acute. (Int +2) [Xom's grace]
 16151 | Lair:3   | Found a hole to the Spider Nest.
 16722 | D:12     | XOM: fog
 16746 | D:12     | XOM: enchant monster (bad)
 16779 | D:12     | XOM: harmless Hex miscast
 16860 | D:12     | Paralysed by a hornet for 2 turns
 17079 | D:12     | Reached XP level 15. HP: 144/144 MP: 18/20
 17093 | D:12     | XOM: scenery: create altars
 17222 | D:12     | XOM: god gift: ration
 17367 | D:12     | XOM: scenery: 1 doors close
 17424 | D:12     | XOM: cloud trail
 17471 | D:12     | XOM: summons friendly crimson imp
 17784 | D:12     | Noticed Urug
 17803 | D:12     | Killed Urug
 18113 | D:13     | XOM: enchant monster (bad)
 18115 | D:13     | XOM: god gift: 11 stones
 18247 | D:13     | XOM: summons 5 friendly demons
 18293 | D:13     | Found a gate to the Vaults.
 18295 | D:13     | XOM: enchant monster (good)
 18348 | D:13     | XOM: 1-stop teleportation journey
 18613 | D:13     | XOM: summons friendly iron imp
 18631 | D:13     | XOM: summons 2 friendly demons
 18639 | D:13     | XOM: enchant monster (good)
 18640 | D:13     | XOM: 2-stop teleportation journey
 18830 | D:13     | Found a runed door.
 18830 | D:13     | XOM: 6-stop teleportation journey
 18850 | D:13     | XOM: give mutations
 18850 | D:13     | Lost mutation: You are covered in thick fur. (AC +2) [Xom's mischief]
 18897 | D:13     | XOM: 1-stop teleportation journey
 18998 | D:13     | XOM: divination: detect creatures
 19248 | D:13     | XOM is BORED!
 19248 | D:13     | XOM: medium Pois miscast
 19344 | D:13     | XOM: summons friendly iron imp
 19869 | D:14     | XOM: smoke on damage
 19900 | D:14     | Found Parohama's Distillery.
 19915 | D:14     | Bought a potion of heal wounds for 85 gold pieces
 19948 | D:14     | XOM: divination: detect creatures
 20107 | D:14     | XOM: scenery: 1 doors close
 20224 | D:14     | XOM: summons friendly shadow imp
 20868 | D:13     | XOM is BORED!
 20868 | D:13     | XOM: give mutation
 20868 | D:13     | Gained mutation: Your body sometimes deteriorates upon taking damage. [Xom's mischief]
 20923 | D:14     | XOM: medium Tmut miscast
 20928 | D:14     | Reached skill level 1 in Shields
 20933 | D:14     | Gained mutation: Your spells are a little easier to cast, but a little less powerful. [mutagenic glow]
 20988 | D:14     | Gained mutation: You do not regenerate when monsters are visible. [mutagenic glow]
 21216 | D:15     | Entered Level 15 of the Dungeon
 21681 | D:11     | XOM: give mutations
 21681 | D:11     | Lost mutation: You passively map the area around you. [Xom's mischief]
 21681 | D:11     | Lost mutation: You do not regenerate when monsters are visible. [Xom's mischief]
 21681 | D:11     | Lost mutation: Your mind is acute. (Int +2) [Xom's mischief]
 21681 | D:11     | Lost mutation: Your flesh is heat resistant. (rF+) [Xom's mischief]
 21783 | D:15     | XOM: confuse monster(s)
 21787 | D:15     | XOM: enchant monster (good)
 21824 | D:15     | XOM: mild Necr miscast
 21841 | D:15     | XOM: harmless Tmut miscast
 21998 | D:15     | Reached skill level 15 in Axes
 22012 | D:15     | XOM: enchant monster (bad)
 22021 | D:15     | Gained mutation: You are immune to freezing clouds. [demonic ancestry]
 22021 | D:15     | Reached XP level 16. HP: 95/152 MP: 15/21
 22191 | D:15     | XOM: summons friendly white imp
 22521 | D:15     | Found a staircase to the Depths.
 22585 | D:15     | XOM: blink monster(s)
 22701 | D:15     | Found Kecol's Jewellery Shop.
 22762 | D:15     | Reached skill level 5 in Shields
 22764 | D:15     | XOM: swap monsters
 22765 | D:15     | XOM: polymorph white ugly thing -> seven-headed hydra
 23373 | Lair:6   | XOM: mild Conj miscast
 23394 | Lair:6   | XOM: polymorph death yak -> emperor scorpion
 23427 | Lair:6   | XOM: summons 2 friendly demons
 23473 | Lair:6   | XOM: 1-stop teleportation journey
 23783 | Lair:6   | XOM: summons friendly white imp
 23906 | Lair:6   | XOM: confusion
 24001 | Lair:6   | XOM: confuse monster(s)
 24007 | Lair:6   | XOM: divination: magic mapping
 24069 | Lair:6   | Identified a scroll of acquirement
 24070 | Lair:6   | XOM: mild Fire miscast
 24266 | Lair:6   | XOM: give mutations
 24266 | Lair:6   | Gained mutation: You have sharp fingernails. [Xom's mischief]
 24266 | Lair:6   | Gained mutation: You expend magic power (3 MP) to strengthen your wands. [Xom's mischief]
 24266 | Lair:6   | Lost mutation: You passively map a small area around you. [Xom's mischief]
 24266 | Lair:6   | Gained mutation: Your magical capacity is low. (-10% MP) [Xom's mischief]
 24431 | Lair:6   | XOM: summons 15 friendly demons
 24450 | Lair:6   | XOM: medium Tloc miscast
 24619 | Lair:6   | XOM: summons 2 friendly demons
 24970 | Lair:6   | XOM is BORED!
 24970 | Lair:6   | XOM: give mutations
 24970 | Lair:6   | Lost mutation: You expend magic power (3 MP) to strengthen your wands. [Xom's mischief]
 24970 | Lair:6   | Lost mutation: Your magical capacity is low. (-10% MP) [Xom's mischief]
 24989 | Lair:6   | XOM: divination: detect creatures
 25261 | Orc:1    | Entered Level 1 of the Orcish Mines
 25267 | Orc:1    | XOM: mild Air miscast
 25311 | Orc:1    | Found a roughly hewn altar of Beogh.
 25386 | Orc:1    | XOM: confusion
 25710 | Orc:1    | XOM: medium Summ miscast
 25845 | Orc:1    | XOM: polymorph orc knight -> merfolk
 25892 | Orc:2    | Entered Level 2 of the Orcish Mines
 25897 | Orc:2    | XOM: confuse monster(s)
 26062 | Orc:2    | XOM: harmless Erth miscast
 26080 | Orc:2    | XOM: chaos upgrade
 26083 | Orc:2    | XOM: summons 1 hostile demon
 26181 | Orc:1    | XOM: mild Tloc miscast
 26330 | Orc:2    | XOM: polymorph orc warrior -> wyvern
 26351 | Orc:2    | XOM: mild Hex miscast
 26394 | Orc:2    | XOM: smoke on damage
 26424 | Orc:2    | Found Damarr's Antique Weapon Emporium.
 26484 | Orc:2    | XOM: swap monsters
 26487 | Orc:2    | XOM: divination: detect items
 26488 | Orc:2    | XOM: polymorph ynoxinul -> neqoxec
 26509 | Orc:2    | XOM: swap monsters
 26667 | Orc:2    | Found a staircase to the Elven Halls.
 26670 | Orc:2    | Paralysed by an orc sorcerer for 5 turns
 26674 | Orc:2    | Found Ossatocu's Jewellery Shop.
 26674 | Orc:2    | XOM: 1-stop teleportation journey
 26680 | Orc:2    | Bought the ring "Ceucipn" {rCorr rC+ Slay+3} for 745 gold pieces
 26721 | Orc:2    | XOM: divination: magic mapping
 26722 | Orc:2    | XOM: silly message
 26786 | Orc:2    | Found Geujiukh's General Store.
 26998 | Orc:2    | Found Resuethro's Antique Armour Boutique.
 27006 | Orc:2    | Bought a shiny buckler for 292 gold pieces
 27081 | Orc:2    | XOM: divination: detect creatures
 27102 | Orc:2    | Bought a polished scale mail for 351 gold pieces
 27103 | Orc:2    | Identified the +7 scale mail of Jigsaw {rElec} (You bought it in a shop on level 2 of the Orcish Mines)
 27290 | D:15     | Bought an uncursed ring of poison resistance for 300 gold pieces
 27450 | Spider:1 | Entered Level 1 of the Spider Nest
 27451 | Spider:1 | XOM: divination: detect items
 27454 | Spider:1 | XOM: enchant monster (good)
 27527 | Lair:3   | XOM: divination: detect creatures
 27666 | Spider:1 | XOM: enchant monster (good)
 27722 | Spider:1 | XOM: cast spell 'Cause Fear'
 27740 | Spider:1 | Reached XP level 17. HP: 148/159 MP: 22/22
 28120 | Spider:1 | You fall through a shaft!
 28143 | Spider:2 | XOM: god gift: 16 gold pieces
 28343 | Spider:2 | XOM: smoke on damage
 28389 | Spider:2 | XOM: harmless Tloc miscast
 28492 | Spider:2 | XOM: polymorph orb spider -> black bear
 28502 | Spider:2 | XOM: god gift: runed quarterstaff {god gift}
 28522 | Spider:2 | XOM: god gift: papyrus book {god gift}
 28746 | Spider:3 | XOM: noise
 28949 | Spider:3 | XOM: mild Necr miscast
 28949 | Spider:3 | XOM: smoke on damage
 28969 | Spider:3 | XOM: noise
 29288 | Spider:4 | Entered Level 4 of the Spider Nest
 29400 | Spider:4 | XOM: summons friendly ufetubus
 29482 | Spider:3 | XOM: give mutations
 29482 | Spider:3 | Lost mutation: You are clumsy. (Dex -2) [Xom's grace]
 29482 | Spider:3 | Gained mutation: Your flesh is heat resistant. (rF+) [Xom's grace]
 29482 | Spider:3 | Gained mutation: You evolve. [Xom's grace]
 29482 | Spider:3 | Gained mutation: Your muscles are strong. (Str +2) [Xom's grace]
 29579 | Spider:4 | Reached skill level 13 in Fighting
 29579 | Spider:4 | XOM: scenery: create altars
 29598 | Spider:4 | XOM: divination: detect creatures
 30190 | Spider:4 | XOM: scenery: create altars
 30260 | Spider:4 | XOM: medium Hex miscast
 30307 | Spider:4 | Reached skill level 14 in Fighting
 30393 | Spider:4 | XOM: mild Summ miscast
 30494 | Spider:4 | XOM: potion effect (heal wounds)
 30641 | Spider:4 | XOM: smoke on damage
 30811 | Spider:4 | XOM: confusion
 30812 | Spider:4 | XOM: swap monsters
 31406 | Spider:4 | XOM: stat loss: -1 Dex (12/14)
 31438 | Spider:4 | Paralysed by a hornet for 1 turns
 31552 | Spider:4 | Got a gossamer rune of Zot
 31599 | Spider:4 | XOM: summons 13 friendly demons
 31891 | Spider:4 | XOM: mild Pois miscast
 31892 | Spider:4 | XOM: mild Hex miscast
 31968 | Lair:3   | Lost mutation: Your flesh is heat resistant. (rF+) [evolution]
 31981 | Shoals:1 | Entered Level 1 of the Shoals
 31994 | Shoals:1 | XOM: give mutations
 31994 | Shoals:1 | Gained mutation: Your skin changes colour to match your surroundings (Stealth+). [Xom's mischief]
 31994 | Shoals:1 | Gained mutation: Armour fits poorly on your strangely shaped body. [Xom's mischief]
 31994 | Shoals:1 | Lost mutation: Armour fits poorly on your strangely shaped body. [Xom's mischief]
 32175 | Shoals:1 | Reached skill level 15 in Fighting
 32210 | Shoals:1 | XOM: polymorph harpy -> hornet
 32212 | Shoals:1 | XOM: polymorph harpy -> meliai
 32890 | Shoals:2 | XOM: summons 3 friendly demons
 32943 | Shoals:2 | XOM: harmless Air miscast
 32951 | Shoals:2 | Reached XP level 18. HP: 175/178 MP: 23/23
 32972 | Shoals:2 | XOM: swap monsters
 32976 | Shoals:2 | XOM: blink monster(s)
 33043 | Shoals:2 | XOM: divination: detect creatures
 33397 | Shoals:3 | Reached skill level 16 in Fighting
 33573 | Shoals:3 | XOM: cast spell 'Monstrous Menagerie'
 33577 | Shoals:3 | XOM: smoke on damage
 33618 | Shoals:3 | XOM: confusion (+ monsters)
 33997 | Shoals:3 | XOM: confuse monster(s)
 34076 | Shoals:3 | XOM: mild Hex miscast
 34108 | Shoals:3 | Reached skill level 17 in Fighting
 34198 | Shoals:3 | XOM is BORED!
 34198 | Shoals:3 | XOM: medium Necr miscast
 34411 | Shoals:3 | XOM: 9-stop teleportation journey
 34538 | Shoals:4 | Entered Level 4 of the Shoals
 34694 | Shoals:4 | XOM: destruction
 34695 | Shoals:4 | XOM: polymorph merfolk impaler -> anaconda
 34704 | Shoals:4 | XOM: destruction
 34705 | Shoals:4 | XOM: destruction
 34754 | Shoals:4 | Noticed Ilsuiw
 34765 | Shoals:4 | Got a barnacled rune of Zot
 34775 | Shoals:4 | Killed Ilsuiw
 35284 | Shoals:4 | Reached skill level 18 in Fighting
 35419 | Shoals:4 | Found Igim's Book Shop.
 35449 | Shoals:4 | Learned a level 1 spell: Apportation
 35453 | Shoals:4 | Learned a level 3 spell: Lesser Beckoning
 35460 | Shoals:4 | Learned a level 6 spell: Statue Form
 35464 | Shoals:4 | Learned a level 3 spell: Ozocubu's Armour
 35618 | Shoals:4 | XOM: potion effect (invisibility)
 35622 | Shoals:4 | Reached skill level 1 in Translocations
 35963 | Vaults:1 | Entered Level 1 of the Vaults
 35980 | Vaults:1 | XOM: give mutation
 35980 | Vaults:1 | Gained mutation: You have supernaturally acute eyesight. (SInv) [Xom's grace]
 36087 | Vaults:1 | XOM: scenery: 1 doors close
 36185 | Vaults:1 | XOM: enchant monster (good)
 36186 | Vaults:1 | Reached skill level 5 in Translocations
 36340 | Vaults:1 | Noticed Asterion
 36340 | Vaults:1 | XOM: cast spell 'Cause Fear'
 36358 | Vaults:1 | Killed Asterion
 36358 | Vaults:1 | Reached XP level 19. HP: 95/195 MP: 14/24
 36373 | Vaults:1 | XOM: 4-stop teleportation journey
 36587 | Vaults:1 | XOM: silly message
 36927 | Vaults:1 | XOM: cast spell 'Call Canine Familiar'
 37166 | Vaults:1 | XOM: cast spell 'Summon Hydra'
 37423 | Vaults:1 | XOM: 1-stop teleportation journey
 37673 | Vaults:1 | Identified the +3 plate armour of the Battered Queens {Int+2} (You found it on level 1 of the Vaults)
 37681 | Vaults:1 | XOM: divination: detect items
 37798 | Vaults:1 | XOM: divine lightning
 37818 | Vaults:1 | XOM: confuse monster(s)
 38096 | Vaults:1 | XOM: summons friendly iron imp
 38139 | Vaults:1 | XOM: confusion (+ monsters)
 38414 | Vaults:2 | Reached skill level 10 in Translocations
 38703 | Vaults:2 | XOM is BORED!
 38703 | Vaults:2 | XOM: noise
 38851 | Vaults:2 | XOM: enchant monster (good)
 38873 | Vaults:2 | XOM: summons 12 friendly demons
 38874 | Vaults:2 | XOM: divine lightning
 38900 | Vaults:2 | XOM: fog
 38935 | Vaults:2 | XOM: cleaving
 39062 | Vaults:2 | Got a transparent iron ring
 39064 | Vaults:2 | Identified the cursed ring of Heamm {Str+3 Slay-2} (You found it on level 2 of the Vaults)
 39293 | Vaults:2 | XOM: confusion
 39303 | Vaults:2 | XOM: noise
 39513 | Vaults:3 | XOM: scenery: create altars
 39837 | Vaults:3 | XOM: summons 3 friendly demons
 39840 | Vaults:3 | Found a portal to a secret trove of treasure.
 39964 | Vaults:3 | XOM: enchant monster (good)
 39968 | Vaults:3 | XOM: 7-stop teleportation journey
 40090 | Vaults:3 | Lost mutation: You are very robust. (+20% HP) [evolution]
 40167 | Vaults:3 | Identified Jopyi's Handbook of Hexes
 40338 | Vaults:3 | XOM: harmless Conj miscast
 40371 | Vaults:3 | XOM: harmless Necr miscast
 40373 | Vaults:3 | Gained mutation: You are completely covered in iridescent scales. (AC +6) [demonic ancestry]
 40373 | Vaults:3 | Reached XP level 20. HP: 130/188 MP: 19/25
 40383 | Vaults:3 | XOM: medium Tmut miscast
 40392 | Vaults:3 | XOM: summons 10 friendly demons
 40405 | Vaults:3 | XOM: scenery: 1 doors close
 40629 | Vaults:3 | XOM: scenery: 1 doors open, 2 doors close
 40685 | Vaults:3 | XOM: scenery: 2 doors open
 40729 | Vaults:3 | Found a staircase to the Crypt.
 40750 | Vaults:3 | XOM: summons 2 friendly demons
 41001 | Vaults:3 | XOM: fog
 41026 | Vaults:3 | XOM: cleaving
 41044 | Vaults:3 | XOM: cast spell 'Summon Dragon'
 41255 | Vaults:3 | XOM: harmless Hex miscast
 41515 | Vaults:3 | XOM: harmless Conj miscast
 41709 | Vaults:4 | XOM: noise
 41715 | Vaults:4 | XOM: divination: magic mapping
 41729 | Vaults:4 | XOM: harmless Necr miscast
 41751 | Vaults:4 | XOM: potion effect (agility)
 41989 | Vaults:4 | Reached skill level 15 in Translocations
 42190 | Vaults:4 | XOM: cast spell 'Cause Fear'
 42203 | Vaults:4 | XOM: harmless Chrm miscast
 42338 | Vaults:4 | XOM: noise
 42384 | Vaults:4 | XOM: polymorph death knight -> torpor snail
 42395 | Vaults:4 | XOM: 1-stop teleportation journey
 42470 | Vaults:4 | Paralysed by a great orb of eyes for 2 turns
 42471 | Vaults:4 | XOM: scenery: 2 doors close
 42700 | Vaults:4 | XOM: blink monster(s)
 42709 | Vaults:4 | XOM: swap monsters
 42791 | Vaults:4 | XOM: smoke on damage
 42874 | Vaults:4 | XOM: torment (77/188 hp)
 42898 | Vaults:4 | XOM: enchant monster (good)
 42901 | Vaults:4 | XOM: cast spell 'Summon Ice Beast'
 43000 | Vaults:4 | XOM is BORED!
 43000 | Vaults:4 | XOM: mild Tmut miscast
 43012 | Vaults:4 | XOM: give mutations
 43012 | Vaults:4 | Gained mutation: You are resistant to hostile enchantments. (MR+) [Xom's grace]
 43012 | Vaults:4 | Gained mutation: Your muscles are very strong. (Str +4) [Xom's grace]
 43062 | Vaults:4 | XOM: confuse monster(s)
 43302 | Vaults:4 | XOM: polymorph vault sentinel -> fire crab
 43309 | Vaults:4 | XOM: chaos upgrade
 43408 | Vaults:4 | XOM: god gift: 41 gold pieces
 43459 | Vaults:4 | Reached XP level 21. HP: 140/194 MP: 22/26
 43507 | Vaults:4 | Gained mutation: Your natural rate of healing is unusually fast. [evolution]
 43507 | Vaults:4 | Lost mutation: You evolve. [end of evolution]
 43663 | Vaults:4 | XOM: noise
 43693 | Vaults:4 | XOM: summons friendly ufetubus
 44272 | Shoals:4 | Bought a book of the Warp for 1710 gold pieces
 44283 | Shoals:4 | Learned a level 8 spell: Controlled Blink
 44424 | Lair:1   | XOM is BORED!
 44424 | Lair:1   | XOM: mild Hex miscast
 44489 | Orc:2    | Bought an uncursed ring of wizardry for 480 gold pieces
 44489 | Orc:2    | Bought an uncursed ring of positive energy for 320 gold pieces
 44705 | Depths:1 | Entered Level 1 of the Depths
 44732 | Depths:1 | XOM: potion effect (invisibility)
 44906 | Depths:1 | XOM: enchant monster (good)
 44927 | Depths:1 | Reached skill level 5 in Spellcasting
 44935 | Depths:1 | XOM: harmless Chrm miscast
 44953 | Depths:1 | XOM: divination: detect creatures
 44956 | Depths:1 | XOM: divination: detect creatures
 44965 | D:15     | XOM: 1-stop teleportation journey
 44997 | D:15     | XOM: scenery: 1 doors open
 45192 | Depths:1 | XOM: enchant monster (good)
 45338 | Depths:1 | XOM: destruction
 45442 | Depths:1 | XOM: 4-stop teleportation journey
 45456 | Depths:1 | XOM: destruction
 45460 | Depths:1 | XOM: fog
 45641 | Depths:1 | XOM: polymorph deep troll earth mage -> satyr
 45643 | Depths:1 | XOM: divination: detect items
 45781 | Depths:1 | XOM: polymorph deep elf high priest -> swamp worm
 45849 | Depths:1 | XOM: god gift: runed ring mail {god gift}
 45889 | Depths:1 | Found a gateway to Hell.
 45979 | Depths:1 | XOM: scenery: create altars
 46043 | Depths:1 | XOM: god gift: glowing executioner's axe {god gift}
 46098 | Depths:2 | XOM: polymorph great orb of eyes -> fire dragon
 46107 | Depths:2 | XOM: cast spell 'Summon Hydra'
 46110 | Depths:2 | Found Teihos's General Store.
 46311 | Depths:2 | XOM: smoke on damage
 46312 | Depths:2 | XOM: summons friendly white imp
 46314 | Depths:2 | XOM: confuse monster(s)
 46319 | Depths:2 | XOM: give mutations
 46319 | Depths:2 | Gained mutation: You are agile. (Dex +2) [Xom's grace]
 46319 | Depths:2 | Gained mutation: You possess an exceptional clarity of mind. [Xom's grace]
 46329 | Depths:2 | XOM: enchant monster (bad)
 46497 | Depths:2 | XOM: confuse monster(s)
 46512 | Depths:2 | Noticed the Enchantress
 46521 | Depths:2 | Noticed the Enchantress
 46521 | Depths:2 | the Enchantress changed into the Enchantress the death yak
 46521 | Depths:2 | XOM: polymorph the Enchantress -> the Enchantress the death yak
 46529 | Depths:1 | Killed the Enchantress the death yak
 46537 | Depths:1 | XOM: scenery: create altars
 46667 | Depths:2 | XOM: god gift: whip {god gift}
 46701 | Depths:2 | Identified the +1 faerie dragon scales {+Fly rF- rC+ rCorr HP+10 Dex+2} (You found it on level 2 of the Depths)
 46768 | Depths:2 | XOM: harmless Tmut miscast
 46803 | Depths:2 | Bought a scroll of enchant armour for 97 gold pieces
 46803 | Depths:2 | Bought a scroll of teleportation for 39 gold pieces
 46958 | Depths:2 | Noticed a juggernaut
 46972 | Depths:2 | Killed a juggernaut
 47107 | Depths:2 | Found a one-way gate leading to the halls of Pandemonium.
 47166 | Depths:2 | Reached XP level 22. HP: 168/202 MP: 28/35
 47301 | Depths:2 | XOM: give mutations
 47301 | Depths:2 | Lost mutation: Your body sometimes deteriorates upon taking damage. [Xom's mischief]
 47301 | Depths:2 | Gained mutation: Your body sometimes deteriorates upon taking damage. [Xom's mischief]
 47301 | Depths:2 | Lost mutation: Your muscles are very strong. (Str +4) [Xom's mischief]
 47675 | Depths:3 | XOM: 1-stop teleportation journey
 47685 | Depths:3 | Paralysed by a great orb of eyes for 3 turns
 47767 | Depths:3 | Found a corrupted altar of Lugonu.
 47768 | Depths:3 | Found a one-way gate to the infinite horrors of the Abyss.
 47798 | Depths:3 | XOM: harmless Necr miscast
 47875 | Depths:3 | XOM: 5-stop teleportation journey
 48062 | Depths:3 | XOM: medium Summ miscast
 48131 | Depths:3 | XOM: confuse monster(s)
 48267 | Depths:3 | Noticed a golden dragon
 48276 | Depths:3 | Killed a golden dragon
 48284 | Depths:3 | Noticed Jory
 48291 | Depths:3 | Noticed a caustic shrike
 48297 | Depths:3 | XOM: divine lightning
 48343 | Depths:3 | XOM: torment (74/202 hp)
 48580 | Depths:3 | XOM: noise
 48581 | Depths:3 | Killed a caustic shrike
 48728 | Depths:3 | XOM: repel stairs
 48742 | Depths:3 | Killed Jory
 48880 | Depths:3 | XOM: give mutations
 48880 | Depths:3 | Lost mutation: Your muscles are strong. (Str +2) [Xom's mischief]
 48880 | Depths:3 | Lost mutation: Your spells are a little easier to cast, but a little less powerful. [Xom's mischief]
 48880 | Depths:3 | Lost mutation: You possess an exceptional clarity of mind. [Xom's mischief]
 48883 | Depths:3 | Noticed Margery
 48905 | Depths:3 | Killed Margery
 48906 | Depths:3 | XOM: summons 2 friendly demons
 48912 | Depths:3 | XOM: polymorph red devil -> rust devil
 48921 | Depths:3 | XOM: polymorph rust devil -> hellwing
 49085 | Depths:3 | XOM: give mutations
 49085 | Depths:3 | Lost mutation: You can translocate small distances at will. [Xom's mischief]
 49085 | Depths:3 | Lost mutation: You have supernaturally acute eyesight. (SInv) [Xom's mischief]
 49085 | Depths:3 | Lost mutation: Your body sometimes deteriorates upon taking damage. [Xom's mischief]
 49171 | Depths:3 | XOM: mild Conj miscast
 49527 | Depths:4 | XOM: enchant monster (bad)
 49777 | Depths:4 | XOM: polymorph sphinx -> shadow dragon
 49797 | Depths:4 | XOM: confuse monster(s)
 49872 | Depths:4 | XOM: potion effect (brilliance)
 49882 | Depths:4 | Noticed a caustic shrike
 49891 | Depths:4 | XOM: summons friendly quasit
 49893 | Depths:4 | Killed a caustic shrike
 49922 | Depths:4 | XOM: 2-stop teleportation journey
 49999 | Depths:4 | XOM: summons 11 hostile demons
 50218 | Depths:4 | Found a gateway to a ziggurat.
 50230 | Depths:4 | XOM: cast spell 'Death Channel'
 50322 | Depths:4 | Gained mutation: You sometimes gain power by taking damage. [demonic ancestry]
 50322 | Depths:4 | Reached XP level 23. HP: 154/209 MP: 30/36
 50576 | Depths:4 | XOM: cast spell 'Discord'
 50613 | Depths:4 | XOM: harmless Pois miscast
 50617 | Depths:4 | XOM: divination: magic mapping
 50803 | Depths:4 | XOM: noise
 50811 | Depths:4 | XOM: harmless Necr miscast
 50818 | Depths:4 | Reached skill level 15 in Armour
 50818 | Depths:4 | Reached skill level 15 in Dodging
 50976 | Depths:4 | XOM: mild Fire miscast
 51023 | Depths:4 | XOM: summons 3 friendly demons
 51147 | Depths:4 | XOM: blink monster(s)
 51178 | Depths:4 | XOM: mild Erth miscast
 51262 | Depths:5 | Entered Level 5 of the Depths
 51262 | Depths:5 | Noticed a juggernaut
 51262 | Depths:5 | Noticed a juggernaut
 51278 | Depths:4 | Killed a juggernaut
 51409 | Depths:4 | XOM: enchant monster (good)
 51410 | Depths:4 | XOM: swap monsters
 51418 | Depths:4 | XOM: summons 7 friendly demons
 51421 | Depths:4 | XOM: fog
 51422 | Depths:4 | Killed a juggernaut
 51700 | D:12     | XOM: give mutations
 51700 | D:12     | Gained mutation: Your system is resistant to poisons. (rPois) [Xom's grace]
 51700 | D:12     | Gained mutation: You possess an exceptional clarity of mind. [Xom's grace]
 51783 | Elf:1    | Entered Level 1 of the Elven Halls
 51808 | Elf:1    | XOM: mild Tloc miscast
 51818 | Elf:1    | Noticed Azrael
 51827 | Elf:1    | Killed Azrael
 51952 | Elf:1    | XOM: give mutations
 51952 | Elf:1    | Lost mutation: You are agile. (Dex +2) [Xom's mischief]
 51952 | Elf:1    | Lost mutation: Your skin changes colour to match your surroundings (Stealth+). [Xom's mischief]
 51952 | Elf:1    | Lost mutation: You are covered in fur. (AC +1) [Xom's mischief]
 52025 | Elf:1    | Identified Kikubaaqudgha's Grimoire of Necromancy
 52053 | Elf:1    | Found Xaecat Jixo's Antique Armour Boutique.
 52062 | Elf:1    | Bought a glowing cloak for 277 gold pieces
 52438 | Elf:1    | XOM: medium Necr miscast
 52453 | Elf:1    | XOM: swap monsters
 52460 | Elf:1    | XOM: swap monsters
 52598 | Elf:1    | XOM: noise
 52611 | Elf:1    | XOM: chaos upgrade
 52876 | Elf:2    | XOM: harmless Hex miscast
 52904 | Elf:2    | XOM: swap monsters
 52906 | Elf:2    | XOM: medium Chrm miscast
 53008 | Elf:2    | Found Uthex's Antique Weapon Shop.
 53105 | Elf:2    | XOM: stat loss: -1 Str (14/15)
 53124 | Elf:2    | Found a huge runed gate.
 53126 | Elf:2    | Found a huge runed gate.
 53129 | Elf:2    | Found a huge runed gate.
 53155 | Elf:2    | Found Foez's Weapon Shop.
 53158 | Elf:2    | Found Qabboir's Armour Emporium.
 53320 | Elf:2    | Found a huge runed gate.
 53320 | Elf:2    | XOM: 2-stop teleportation journey
 53387 | Elf:2    | XOM: polymorph deep elf knight -> spark wasp
 53423 | Elf:2    | XOM: harmless Fire miscast
 53444 | Elf:2    | Found a huge runed gate.
 53476 | Elf:2    | XOM: draining
 53500 | Elf:2    | Noticed Donald
 53811 | Elf:2    | XOM: mild Tmut miscast
 54008 | Elf:3    | Entered Level 3 of the Elven Halls
 54024 | Elf:3    | XOM: potion effect (invisibility)
 54132 | Elf:3    | XOM: 1-stop teleportation journey
 54144 | Elf:3    | XOM: divination: detect creatures
 54150 | Elf:3    | XOM: enchant monster (good)
 54207 | Elf:3    | XOM: smoke on damage
 54212 | Elf:3    | XOM: scenery: 2 doors close
 54213 | Elf:3    | XOM: polymorph deep elf sorcerer -> storm dragon
 54218 | Elf:3    | Reached XP level 24. HP: 78/217 MP: 3/36
 54324 | Elf:3    | XOM: noise
 54360 | Elf:3    | XOM: silly message
 54518 | Elf:3    | XOM: divination: detect creatures
 54532 | Elf:3    | XOM: enchant monster (good)
 54536 | Elf:3    | XOM: mild Erth miscast
 54560 | Elf:3    | XOM: enchant monster (good)
 54570 | Elf:3    | XOM: god gift: potion of berserk rage
 54587 | Elf:3    | Got an ancient iron ring
 54587 | Elf:3    | XOM: mild Chrm miscast
 54615 | Elf:3    | Identified the ring of Butchery {rPois rF+ Str+2 Stlth+} (You found it on level 3 of the Elven Halls)
 54621 | Elf:3    | Got a fine ivory ring
 54643 | Elf:3    | Identified a +1 pair of boots of running (You found it on level 3 of the Elven Halls)
 54647 | Elf:3    | Identified the ring "Adusyile" {Ice *Slow +Fly Str+4} (You found it on level 3 of the Elven Halls)
 54827 | Elf:3    | XOM: harmless Chrm miscast
 54844 | Elf:3    | Got a glittering brass ring
 54847 | Elf:3    | Identified the ring "Vupnakk" {Ice Int+3 Dex+3} (You found it on level 3 of the Elven Halls)
 54951 | Elf:3    | Identified the Disquisition on Lightness and Orientation
 54975 | Elf:3    | Got a clouded copper amulet
 55006 | Elf:3    | Identified the amulet of Loixa {rN+ MR+ Regen+ Str+4} (You took it off a deep elf elementalist on level 3 of the Elven Halls)
 55246 | Elf:3    | XOM: divination: detect creatures
 55331 | Elf:3    | XOM: harmless Tloc miscast
 55595 | Elf:3    | Identified the Papyrus of the Shifting Frostbite
 55709 | Elf:2    | XOM: harmless Ice miscast
 55840 | D:13     | XOM: harmless Ice miscast
 56005 | Depths:5 | XOM: summons 2 friendly demons
 56012 | Depths:5 | XOM: god gift: ration
 56170 | Depths:5 | XOM: enchant monster (good)
 56283 | Depths:5 | XOM: smoke on damage
 56347 | Depths:5 | XOM: potion effect (brilliance)
 56358 | Depths:5 | XOM: polymorph purple draconian -> emperor scorpion
 56363 | Depths:5 | Reached skill level 19 in Fighting
 56363 | Depths:5 | XOM: scenery: create altars
 56571 | Depths:5 | XOM: cloud trail
 56793 | Depths:5 | XOM: confuse monster(s)
 56794 | Depths:5 | XOM: fog
 56866 | Depths:5 | XOM: fog
 57072 | Depths:5 | XOM: give mutations
 57072 | Depths:5 | Gained mutation: Armour fits poorly on your strangely shaped body. [Xom's mischief]
 57072 | Depths:5 | Lost mutation: You are robust. (+10% HP) [Xom's mischief]
 57072 | Depths:5 | Lost mutation: Your system is resistant to poisons. (rPois) [Xom's mischief]
 57072 | Depths:5 | Lost mutation: Armour fits poorly on your strangely shaped body. [Xom's mischief]
 57228 | Depths:5 | XOM: medium Hex miscast
 57251 | Depths:5 | Found a gate to the Realm of Zot.
 57255 | Depths:5 | XOM: draining
 57266 | Depths:5 | XOM: mild Hex miscast
 57280 | Depths:5 | XOM: noise
 57511 | Crypt:1  | Entered Level 1 of the Crypt
 57673 | Crypt:1  | Gained mutation: You are powered by pain. [demonic ancestry]
 57673 | Crypt:1  | Reached XP level 25. HP: 162/207 MP: 36/36
 57798 | Crypt:1  | XOM: enchant monster (good)
 57815 | Crypt:1  | Found a corrupted altar of Lugonu.
 57995 | Crypt:1  | XOM: 8-stop teleportation journey
 58145 | Crypt:1  | XOM: cloud trail
 58206 | Crypt:1  | XOM: give mutations
 58206 | Crypt:1  | Gained mutation: You are frail. (-10% HP) [Xom's mischief]
 58206 | Crypt:1  | Gained mutation: Potions are less effective at restoring your health. [Xom's mischief]
 58580 | Crypt:1  | XOM: cast spell 'Ring of Flames'
 58662 | Crypt:2  | XOM: divination: detect creatures
 58850 | Crypt:2  | XOM: 1-stop teleportation journey
 58881 | Crypt:2  | XOM: fog
 58884 | Crypt:2  | XOM: god gift: scroll of fog
 59006 | Crypt:2  | XOM: blink monster(s)
 59010 | Crypt:2  | XOM: medium Erth miscast
 59127 | Crypt:2  | Noticed Frederick
 59135 | Crypt:2  | Reached skill level 20 in Fighting
 59140 | Crypt:2  | Killed Frederick
 59144 | Crypt:2  | XOM: medium Erth miscast
 59231 | Crypt:2  | XOM: medium Tloc miscast
 59261 | Crypt:2  | XOM: give mutations
 59261 | Crypt:2  | Gained mutation: Your muscles are strong. (Str +2) [Xom's grace]
 59261 | Crypt:2  | Gained mutation: You have an increased reservoir of magic. (+10% MP) [Xom's grace]
 59261 | Crypt:2  | Lost mutation: You are frail. (-10% HP) [Xom's grace]
 59261 | Crypt:2  | Gained mutation: You are highly resistant to hostile enchantments. (MR++) [Xom's grace]
 59367 | Crypt:2  | XOM: confuse monster(s)
 59538 | Crypt:3  | Entered Level 3 of the Crypt
 59613 | Crypt:3  | XOM: summons 5 friendly demons
 59614 | Crypt:3  | XOM: summons friendly ufetubus
 59615 | Crypt:3  | XOM: enchant monster (bad)
 59730 | Crypt:3  | Noticed Mara
 59741 | Crypt:3  | Killed Mara
 59748 | Crypt:3  | XOM: cast spell 'Shadow Creatures'
 59849 | Crypt:3  | XOM: cloud trail
 59856 | Crypt:3  | Found the +6 Majin-Bo {vamp, Archmagi MP+6 Int+6}
 59939 | Crypt:3  | XOM: scenery: 1 doors close
 59975 | Crypt:3  | XOM: noise
 60434 | Crypt:3  | XOM: confuse monster(s)
 60449 | Crypt:3  | XOM: smoke on damage
 60468 | Crypt:3  | Found a basalt altar of Yredelemnul.
 60509 | Crypt:3  | XOM: enchant monster (bad)
 60732 | Crypt:3  | Noticed a greater mummy
 60752 | Crypt:3  | Killed a greater mummy
 60931 | Crypt:3  | Found a staircase to the Tomb.
 61054 | Crypt:3  | Reached skill level 21 in Fighting
 61530 | Crypt:3  | Got a shimmering crystal plate armour
 61541 | Crypt:3  | Identified the cursed +0 crystal plate armour of Usmiumo {rElec rN+ Str+4 Dex-2} (You found it on level 3 of the Crypt)
 61569 | Crypt:3  | XOM: harmless Air miscast
 61599 | Crypt:3  | XOM: mild Summ miscast
 61617 | Crypt:3  | Learned a level 4 spell: Passage of Golubria
 61916 | Vaults:4 | XOM: mild Hex miscast
 61954 | Vaults:5 | Entered Level 5 of the Vaults
 62121 | Vaults:5 | Noticed an ancient lich
 62125 | Vaults:5 | Killed an ancient lich
 62129 | Vaults:5 | Reached XP level 26. HP: 156/221 MP: 39/39
 62237 | Vaults:5 | XOM: silly message
 62263 | Vaults:5 | Found Qiytur's Jewellery Shop.
 62275 | Vaults:5 | Found Syestadith's Jewellery Shoppe.
 62277 | Vaults:5 | XOM: enchant monster (bad)
 62507 | Vaults:5 | XOM: swap monsters
 62508 | Vaults:5 | XOM: chaos upgrade
 62665 | Vaults:5 | XOM: summons 10 friendly demons
 62671 | Vaults:5 | XOM: harmless Fire miscast
 62676 | Vaults:5 | XOM: noise
 62695 | Vaults:5 | Reached skill level 22 in Fighting
 62753 | Vaults:5 | Found Vacsoi's Magic Scroll Shop.
 62761 | Vaults:5 | Found Lowogh's Food Shoppe.
 62779 | Vaults:5 | XOM: chaos cloud
 62786 | Vaults:5 | Found Yhyny's Food Boutique.
 62920 | Vaults:5 | XOM: 1-stop teleportation journey
 62943 | Vaults:5 | XOM: polymorph vault warden -> stone giant
 62963 | Vaults:5 | XOM: enchant monster (bad)
 63036 | Vaults:5 | XOM: harmless Conj miscast
 63245 | Vaults:5 | XOM: noise
 63264 | Vaults:5 | Found Icvioxt's Weapon Boutique.
 63416 | Vaults:5 | Got a silver rune of Zot
 64029 | Vaults:5 | Noticed Bai Suzhen
 64035 | Vaults:5 | XOM: silly message
 64039 | Vaults:5 | XOM: medium Tmut miscast
 64054 | Vaults:5 | Killed Bai Suzhen
 64061 | Vaults:5 | XOM: summons 7 hostile demons
 64238 | Vaults:1 | XOM: scenery: 3 doors close
 64415 | Zot:1    | Entered Level 1 of the Realm of Zot
 64429 | Zot:1    | XOM: scenery: create altars
 64436 | Depths:5 | XOM: harmless Pois miscast
 64574 | Zot:1    | XOM: confuse monster(s)
 64610 | Zot:1    | XOM: divine lightning
 64636 | Zot:1    | XOM: fake destruction
 64661 | Zot:1    | XOM: give mutations
 64661 | Zot:1    | Gained mutation: You are agile. (Dex +2) [Xom's grace]
 64661 | Zot:1    | Gained mutation: You have sharp toenails. [Xom's grace]
 64661 | Zot:1    | Gained mutation: You can translocate small distances at will. [Xom's grace]
 64909 | Zot:1    | XOM: swap monsters
 64933 | Zot:1    | XOM: scenery: create altars
 64938 | Zot:1    | Gained mutation: A frigid envelope surrounds you and freezes all who hurt you. [demonic ancestry]
 64938 | Zot:1    | Reached XP level 27. HP: 185/232 MP: 39/39
 64941 | Zot:1    | Reached skill level 23 in Fighting
 64941 | Zot:1    | XOM: potion effect (berserk rage)
 64954 | Zot:1    | XOM: mild Necr miscast
 64964 | Zot:1    | XOM: potion effect (invisibility)
 65281 | Zot:2    | XOM: harmless Hex miscast
 65531 | Zot:2    | XOM: silly message
 65560 | Zot:2    | Noticed an ancient lich
 65571 | Zot:2    | Killed an ancient lich
 65594 | Zot:2    | XOM: harmless Ice miscast
 65658 | Zot:2    | XOM: confuse monster(s)
 65820 | Zot:2    | XOM: 1-stop teleportation journey
 66021 | Zot:2    | XOM: stat loss: -1 Dex (16/17)
 66114 | Zot:2    | XOM: mild Summ miscast
 66186 | Zot:2    | XOM: silly message
 66191 | Zot:2    | XOM: 2-stop teleportation journey
 66234 | Zot:2    | XOM: 2-stop teleportation journey
 66284 | Zot:2    | XOM: swap monsters
 66507 | Zot:2    | Reached skill level 24 in Fighting
 66719 | Zot:3    | XOM: divination: detect items
 66721 | Zot:3    | XOM: blink monster(s)
 66731 | Zot:3    | XOM: summons friendly white imp
 66946 | Zot:3    | XOM: cleaving
 66950 | Zot:3    | XOM: enchant monster (good)
 66999 | Zot:3    | XOM: god gift: short runed staff {god gift}
 67136 | Zot:3    | XOM: mild Fire miscast
 67166 | Zot:3    | XOM: chaos cloud
 67223 | Zot:3    | XOM: cloud trail
 67252 | Zot:3    | XOM: give mutation
 67252 | Zot:3    | Gained mutation: You evolve. [Xom's grace]
 67267 | Zot:3    | XOM: 1-stop teleportation journey
 68129 | Zot:3    | XOM: mild Pois miscast
 68467 | Zot:4    | XOM: summons 2 friendly demons
 68625 | Zot:4    | XOM: 2-stop teleportation journey
 68832 | Zot:4    | XOM: 4-stop teleportation journey
 68986 | Zot:4    | XOM: fog
 69098 | Zot:4    | XOM: cleaving
 69103 | Zot:4    | Reached skill level 25 in Fighting
 69302 | Zot:4    | Reached skill level 10 in Shields
 69378 | Zot:4    | XOM: polymorph storm dragon -> queen ant
 69384 | Zot:4    | XOM: enchant monster (good)
 69405 | Zot:4    | XOM: confuse monster(s)
 69485 | Zot:4    | Lost mutation: You evolve. [evolution]
 69849 | Vaults:5 | Bought the ring of Ystoraj {rElec rF+} for 858 gold pieces
 69974 | Vaults:1 | XOM: scenery: 5 doors close
 70251 | Zot:5    | Entered Level 5 of the Realm of Zot
 70285 | Zot:5    | XOM: scenery: create altars
 70496 | Zot:4    | XOM: god gift: scroll of teleportation
 70568 | Zot:5    | Learned a level 3 spell: Regeneration
 70575 | Zot:5    | Learned a level 6 spell: Death Channel
 70844 | Zot:5    | Noticed an ancient lich
 70848 | Zot:5    | XOM: cast spell 'Summon Horrible Things'
 70853 | Zot:5    | XOM: harmless Hex miscast
 70854 | Zot:5    | Killed an ancient lich
 70904 | Zot:5    | XOM: noise
 70907 | Zot:5    | Noticed an ancient lich
 70909 | Zot:5    | XOM: 2-stop teleportation journey
 70910 | Zot:5    | Noticed an orb of fire
 70910 | Zot:5    | Lost mutation: Your muscles are strong. (Str +2) [an orb of fire]
 70916 | Zot:5    | Noticed an orb of fire
 70916 | Zot:5    | Lost mutation: You are agile. (Dex +2) [an orb of fire]
 70920 | Zot:5    | Noticed an orb of fire
 70921 | Zot:5    | Noticed an orb of fire
 70923 | Zot:5    | XOM: polymorph Orb Guardian -> emperor scorpion
 70930 | Zot:5    | Noticed a juggernaut
 70930 | Zot:5    | a Killer Klown changed into a juggernaut
 70930 | Zot:5    | XOM: polymorph Killer Klown -> juggernaut
 70933 | Zot:5    | Noticed an orb of fire
 70939 | Zot:5    | XOM: severe Air miscast
 70939 | Zot:5    | HP: 10/242 [something (22)]
 70951 | Zot:5    | XOM: swap monsters
 70961 | Zot:5    | XOM: medium Erth miscast
 70975 | Zot:5    | Demolished by an Orb Guardian

Vault maps used:
D:1:      minmay_arrival_stair_chambers
D:3:      okawaru_altar_gauntlet_db
D:4:      first_ration
D:5:      grunt_temple_overflow_champion_of_chaos, makhleb_blood_cavern_becter,
          uniq_sigmund, uniq_blork_the_orc
D:6:      minmay_temple_entry_large_hall
D:7:      elyvilon_altar_3, grunt_temple_overflow_open, minmay_misc_feat_pillars
D:8:      lemuel_round_altar
D:9:      uniq_pikel, uniq_grum
D:10:     kennysheep_orc_monster_closet_entryway, uniq_maurice
D:11:     minmay_the_grid_octo_2x2
D:12:     uniq_urug
D:13:     cheibrodos_shockbox, lightli_vaults_fourway_checkpoint,
          serial_co_window_serial, co_window_paths_a,
          co_window_of_opportunity_a, co_window_paths_b, co_window_corner_a,
          co_window_cross_1, co_window_unsneaky_path_a, co_window_paths_c,
          co_window_broadway_c, co_window_corner_cb, co_window_broadway_c,
          co_window_of_opportunity_c, co_window_paths_d, glass_columns_a,
          glass_columns_a, glass_columns_a, glass_columns_b
D:14:     minmay_misc_feat_hallway, serial_shops, shop, grunt_tengu_nest,
          minivault_1
D:15:     gammafunk_depths_entry_grave, minmay_stone_trees_large, serial_shops,
          shop, st_stairs_1, hangedman_decor_clover_reticule
Lair:1:   minmay_lair_oklob_chamber, lemuel_fruit_tree,
          infiniplex_staircase_pool_2
Lair:2:   grunt_forest_small_clearings
Lair:3:   minmay_shoals_entry_centaurs, spider_nest_entry_web_field
Lair:5:   minmay_slime_entry_oklob_enclosed
Lair:6:   hangedman_lair_tendril_chambers, guppyfry_lair_end_dragon,
          enter_volcano_1, ice2_lemuel, infiniplex_staircase_pool
Shoals:3: cheibrodos_shoals_roost, nicolae_shoals_aquamancer_cove
Shoals:4: shoals_end_hangedman, shoal_ilsuiw, serial_shops,
          nicolae_shop_waterfront, nicolae_shoals_seven_spires,
          nicolae_shoals_water_shrine
Spider:1: spider_trap, guppyfry_spider_mini_2
Spider:2: guppyfry_spider_mini_1
Spider:4: spider_rune_water, spider_trap
Orc:1:    basic_altar
Orc:2:    grunt_orc_gardens, grunt_orc_garden, grunt_orc_garden,
          grunt_orc_garden, grunt_orc_garden, nicolae_orc_tapped_out
Elf:1:    eino_elf_arrival_sip, serial_shops, shop, minmay_elf_necromancy,
          uniq_azrael
Elf:2:    serial_shops, shop, shop, nicolae_shop_waterfront,
          nicolae_twisting_strands, uniq_donald
Elf:3:    nooodl_elf_gasket
Vaults:1: grunt_vaults_funneled_arena, nicolae_vaults_theta, v_misc_10,
          v_alt_pattern_6, hangedman_vaults_restitches, v_misc_16,
          ontoclasm_vaults_gateway, grunt_vaults_hallway_long, v_misc_23,
          vaults_room_ringed_pool, uniq_asterion
Vaults:2: nicolae_vaults_network_periphery, v_pattern_1, ontoclasm_vaults_tryst,
          nicolae_vaults_network_quinsquares, ontoclasm_vaults_idyll,
          nicolae_vaults_asterisk, ontoclasm_vaults_eye,
          vaults_room_hangedman_quadrants,
          vaults_standard_mumra_enter_the_diamond
Vaults:3: v_pattern_4, st_greater_box_2, vaults_room_fours,
          nicolae_vaults_angled_halls, ontoclasm_vaults_fault,
          minmay_crypt_entry_simple_corners, vaults_dpeg_encased_lava,
          nicolae_vaults_yaktaur_gun_rack, enter_trove_6
Vaults:4: nicolae_vaults_border_crossing, nicolae_vaults_three_branches,
          v_misc_9, v_alt_pattern_3, nicolae_vaults_hallways_thing,
          vaults_mumra_hex, nicolae_vaults_network_star, vaults_mumra_minichess,
          nicolae_vaults_little_squares_2
Vaults:5: serial_shops, uniq_bai_suzhen
Crypt:1:  lemuel_hellish_altar, roderic_lattice_octagonal_star,
          grunt_crypt_arrival_webbed
Crypt:2:  nicolae_crypt_niches, uniq_frederick
Crypt:3:  evilmike_haunted_forest, uniq_mara
Depths:1: hex_medium, pf_hell_entry_tar_spiral, kennysheep_underground_church,
          grunt_megastairs_4
Depths:2: kennysheep_cluttered_fort, hell_entry, rand_demon_pan_entry_3,
          hangedman_abyss_or_decor_jellyfish_corner, serial_shops,
          nicolae_shop_statue_plus, uniq_enchantress
Depths:3: kennysheep_bubble_arena, rand_demon_pan_entry_8,
          abyss_entry_flame_altar, hell_entry, uniq_jory, uniq_margery
Depths:4: hangedman_pleasuredromes, abyss_entry, hell_entry
Depths:5: grunt_zot_entry_pinwheel, hex_intersection, pf_coc_iceberg,
          serial_bayou_shore_a, grunt_megastairs_2, serial_bayou_shore_b
Zot:2:    hangedman_zot_vaults_quadrants, basic_stair_grate_trap
Zot:3:    kennysheep_six_static_rooms
Zot:4:    minmay_elemental_castle
Volcano:  volcano_bunker

Skill      XL: |  1  2  3  4  5  6  7  8  9 10 11 12 13 14 15 16 17 18 19 20 21 22 23 24 25 26 27 |
---------------+----------------------------------------------------------------------------------+-----
Fighting       | 4 5 6 7 10 11 12 15 18 19 21 22 25 | 25.0
Evocations     | 2 3 4 5 6 |  6.1
Axes           | 6 8 9 11 12 15 17 18 | 18.2
Dodging        | 3 6 8 10 11 12 14 16 17 | 17.1
Armour         | 4 6 9 10 11 12 14 16 17 | 17.1
Spellcasting   | 3 9 |  9.2
Hexes          | 4 |  4.1
Shields        | 3 7 12 | 12.1
Translocations | 5 12 16 17 18 19 21 23 | 23.0

Action                   |  1- 3 |  4- 6 |  7- 9 | 10-12 | 13-15 | 16-18 | 19-21 | 22-24 | 25-27 || total
-------------------------+-------+-------+-------+-------+-------+-------+-------+-------+-------++-------
Melee: Hand axe          |    85 |    58 |   262 |   454 |       |       |       |       |       ||   859
       Headbutt          |     2 |    11 |    54 |   111 |   142 |   301 |   321 |   344 |   608 ||  1894
       Kick              |       |     3 |    80 |   123 |       |       |       |       |       ||   206
       Battleaxe         |       |       |       |    34 |   579 |       |       |       |       ||   613
       Whip              |       |       |       |     7 |    19 |     2 |       |       |       ||    28
       Broad axe         |       |       |       |       |    99 |  1461 |  1329 |  1528 |  1947 ||  6364
Throw: Javelin           |       |       |     2 |     4 |     1 |     1 |       |       |       ||     8
 Cast: Lesser Beckoning  |       |       |       |       |       |       |     5 |    23 |    36 ||    64
 Abil: Blink             |       |       |       |       |     3 |     3 |     2 |       |       ||     8
Evoke: Wand              |     1 |     3 |     4 |    25 |    16 |    42 |     5 |    13 |    14 ||   123
       Phial of floods   |       |       |       |       |       |     1 |       |     1 |     1 ||     3
       Lamp of fire      |       |       |       |       |       |     1 |       |       |       ||     1
       Sack of spiders   |       |       |       |       |       |       |       |     1 |       ||     1
  Use: Scroll            |     2 |     4 |     2 |     5 |    24 |    17 |    13 |    16 |    14 ||    97
       Potion            |       |     1 |       |     9 |     8 |    10 |     1 |     9 |    13 ||    51
 Stab: Paralysed         |       |       |     3 |     5 |    18 |       |       |       |     2 ||    28
       Confused          |       |       |       |     1 |     1 |     2 |     8 |     7 |    16 ||    35
       Petrifying        |       |       |       |     1 |     1 |       |       |     1 |       ||     3
       Petrified         |       |       |       |       |     6 |       |       |       |       ||     6
       Sleeping          |       |       |       |       |     1 |       |       |       |     2 ||     3
       Distracted        |       |       |       |       |       |     1 |     4 |     3 |     1 ||     9
       Invisible         |       |       |       |       |       |     3 |     3 |     1 |     3 ||    10
  Eat: Chunk             |     1 |     3 |    11 |    17 |    23 |    38 |    29 |    30 |    29 ||   181
       Ration            |       |       |       |     1 |     3 |     3 |     2 |     1 |     4 ||    14
Armor: Leather armour    |    41 |     9 |       |       |       |       |       |       |       ||    50
       Scale mail        |       |    13 |    98 |       |    37 |   505 |   439 |   335 |   417 ||  1844
       Chain mail        |       |       |    30 |   291 |   109 |       |       |       |       ||   430
       Fire dragon scale |       |       |       |       |   219 |   201 |       |   266 |   315 ||  1001
       Shadow dragon sca |       |       |       |       |       |       |       |       |    11 ||    11
Dodge: Dodged            |    62 |    47 |   109 |   199 |   489 |   875 |   604 |   802 |  1372 ||  4559
Block: Buckler           |       |       |       |       |    16 |   503 |   351 |   452 |   656 ||  1978
       Reflection        |       |       |       |       |       |       |     2 |    30 |     5 ||    37

Table legend:
 A = Spawn XP
 B = Non-spawn XP
 C = Spawn XP percentage of total XP
 D = Spawn monster count
 E = Non-spawn monster count
 F = Spawn count percentage of total count
 G = Total turns spent on level
                    A         B        C        D         E        F      G
               +---------+---------+-------+---------+---------+-------+---------
         Total |       0 | 1782536 |   0.0 |       0 |    2648 |   0.0 | 70975
               +---------+---------+-------+---------+---------+-------+---------
           D:1 |       0 |      27 |   0.0 |       0 |      17 |   0.0 |   773
           D:2 |       0 |     161 |   0.0 |       0 |      13 |   0.0 |   455
           D:3 |       0 |     289 |   0.0 |       0 |      35 |   0.0 |   761
           D:4 |       0 |     393 |   0.0 |       0 |      17 |   0.0 |   511
           D:5 |       0 |    1057 |   0.0 |       0 |      30 |   0.0 |  1104
           D:6 |       0 |     911 |   0.0 |       0 |      28 |   0.0 |   578
           D:7 |       0 |     474 |   0.0 |       0 |       9 |   0.0 |   578
           D:8 |       0 |    1913 |   0.0 |       0 |      32 |   0.0 |   839
           D:9 |       0 |    3812 |   0.0 |       0 |      49 |   0.0 |  1101
          D:10 |       0 |    8085 |   0.0 |       0 |      54 |   0.0 |  1709
          D:11 |       0 |    5755 |   0.0 |       0 |      46 |   0.0 |  1407
          D:12 |       0 |    8532 |   0.0 |       0 |      34 |   0.0 |  1734
          D:13 |       0 |   17416 |   0.0 |       0 |      56 |   0.0 |  2408
          D:14 |       0 |   12185 |   0.0 |       0 |      33 |   0.0 |  1383
          D:15 |       0 |   22225 |   0.0 |       0 |      51 |   0.0 |  1594
        Lair:1 |       0 |    3873 |   0.0 |       0 |      21 |   0.0 |  1615
        Lair:2 |       0 |    5520 |   0.0 |       0 |      16 |   0.0 |   955
        Lair:3 |       0 |    6078 |   0.0 |       0 |      21 |   0.0 |  1065
        Lair:4 |       0 |    9257 |   0.0 |       0 |      26 |   0.0 |  2079
        Lair:5 |       0 |    8855 |   0.0 |       0 |      28 |   0.0 |  1773
        Lair:6 |       0 |   25854 |   0.0 |       0 |      86 |   0.0 |  1930
      Shoals:1 |       0 |    4630 |   0.0 |       0 |      12 |   0.0 |   622
      Shoals:2 |       0 |   13910 |   0.0 |       0 |      27 |   0.0 |  1283
      Shoals:3 |       0 |   32425 |   0.0 |       0 |      55 |   0.0 |   840
      Shoals:4 |       0 |   28343 |   0.0 |       0 |      50 |   0.0 |  1291
      Spider:1 |       0 |   10938 |   0.0 |       0 |      41 |   0.0 |   494
      Spider:2 |       0 |    6110 |   0.0 |       0 |      20 |   0.0 |   576
      Spider:3 |       0 |   15228 |   0.0 |       0 |      45 |   0.0 |   856
      Spider:4 |       0 |   35796 |   0.0 |       0 |      77 |   0.0 |  2398
         Orc:1 |       0 |    4230 |   0.0 |       0 |      49 |   0.0 |   998
         Orc:2 |       0 |   15861 |   0.0 |       0 |      88 |   0.0 |  1091
         Elf:1 |       0 |   17635 |   0.0 |       0 |      40 |   0.0 |  1076
         Elf:2 |       0 |   37132 |   0.0 |       0 |      55 |   0.0 |  1197
         Elf:3 |       0 |   91571 |   0.0 |       0 |      87 |   0.0 |  1683
      Vaults:1 |       0 |   63060 |   0.0 |       0 |     111 |   0.0 |  2637
      Vaults:2 |       0 |   26986 |   0.0 |       0 |      44 |   0.0 |  1338
      Vaults:3 |       0 |   78550 |   0.0 |       0 |      85 |   0.0 |  2237
      Vaults:4 |       0 |   68198 |   0.0 |       0 |     101 |   0.0 |  2456
      Vaults:5 |       0 |  159190 |   0.0 |       0 |     122 |   0.0 |  2234
       Crypt:1 |       0 |   23349 |   0.0 |       0 |      46 |   0.0 |  1115
       Crypt:2 |       0 |   42565 |   0.0 |       0 |      50 |   0.0 |   944
       Crypt:3 |       0 |   88420 |   0.0 |       0 |     114 |   0.0 |  2241
      Depths:1 |       0 |   71586 |   0.0 |       0 |      99 |   0.0 |  1695
      Depths:2 |       0 |   51805 |   0.0 |       0 |      64 |   0.0 |  1336
      Depths:3 |       0 |   69564 |   0.0 |       0 |      62 |   0.0 |  1730
      Depths:4 |       0 |  129366 |   0.0 |       0 |     104 |   0.0 |  2189
      Depths:5 |       0 |   79139 |   0.0 |       0 |      75 |   0.0 |  1620
         Zot:1 |       0 |   66800 |   0.0 |       0 |      46 |   0.0 |   897
         Zot:2 |       0 |  103755 |   0.0 |       0 |      59 |   0.0 |  1543
         Zot:3 |       0 |   72773 |   0.0 |       0 |      48 |   0.0 |  1334
         Zot:4 |       0 |   74061 |   0.0 |       0 |      39 |   0.0 |  1459
         Zot:5 |       0 |   49984 |   0.0 |       0 |      20 |   0.0 |   562
       Volcano |       0 |    6904 |   0.0 |       0 |      11 |   0.0 |   651
               +---------+---------+-------+---------+---------+-------+---------
